 Dungeon Crawl Stone Soup version 0.22-a0-157-g169b76a (webtiles) character file.

74 poofeast420 the Cutter (level 4, 0/23 HPs)
             Began as a Vine Stalker Monk on Feb 9, 2018.
             Slain by Natasha (4 damage)
             ... on level 4 of the Dungeon.
             The game lasted 00:01:48 (512 turns).

poofeast420 the Cutter (Vine Stalker Monk)           Turns: 512, Time: 00:01:49

Health: 0/23       AC:  2    Str: 15    XL:     4   Next: 28%
Magic:  0/5        EV: 13    Int: 10    God:
Gold:   44         SH:  0    Dex: 16    Spells: 3/3 levels left

rFire    . . .     SeeInvis .   a - +0 short sword
rCold    . . .     Gourm    .   (no shield)
rNeg     . . .     Faith    .   b - +0 robe
rPois    .         Spirit   +   (no helmet)
rElec    .         Reflect  .   (no cloak)
rCorr    .         Harm     .   (no gloves)
MR       .....                  (no boots)
Stlth    ++........             (no amulet)
HPRegen  0.47/turn              (no ring)
MPRegen  0.09/turn              (no ring)

@: hasted and slowed
A: fangs 2, regeneration 1, magic shield, antimagic bite, no potion heal 3, rot
immunity
a: no special abilities


You were on level 4 of the Dungeon.
You were not hungry.

You visited 1 branch of the dungeon, and saw 4 of its levels.

You collected 44 gold pieces.

Inventory:

Hand Weapons
 a - a +0 short sword (weapon)
Armour
 b - a +0 robe (worn)
Scrolls
 d - a scroll of enchant weapon {unknown}
 f - a scroll of identify {unknown}
 g - a scroll of fog {unknown}
 h - a scroll of magic mapping {unknown}
 i - a scroll of random uselessness {unknown}
Comestibles
 c - 2 rations


   Skills:
 - Level 2.6 Fighting
 + Level 4.5 Short Blades
 - Level 2.4 Dodging
 - Level 2.4 Stealth


You had 3 spell levels left.
You didn't know any spells.

Dungeon Overview and Level Annotations

Branches:
Dungeon (4/15)
 Temple: D:4-7

Altars:
Yredelemnul

Annotations:
D:4 Natasha


Innate Abilities, Weirdness & Mutations

You have extremely sharp teeth.
Your natural rate of healing is unusually fast.
When hurt, damage is shared between your health and your magic reserves.
Your bite disrupts and absorbs the magic of your enemies.
Potions cannot restore your health.
You are immune to rotting.


Message History

You kill the orc!
The orc barely misses you.
Natasha stares at you and mumbles some strange words.
You feel yourself slow down.
You barely miss Natasha. Your bite misses Natasha. Natasha misses you.
You hit Natasha. Your bite misses Natasha.
Natasha is moderately wounded.
The orc barely misses you. Natasha claws you!
You hit Natasha but do no damage. You bite Natasha.
Natasha's magic leaks into the air.
You drain her magic.
You feel invigorated.
Natasha is heavily wounded.
The orc hits you but does no damage. Natasha claws you.
* * * LOW HITPOINT WARNING * * *
You hit Natasha. You bite Natasha.
Natasha's magic leaks into the air.
You drain her magic.
You feel invigorated.
Natasha is almost dead.
The orc hits you.
* * * LOW HITPOINT WARNING * * *
Natasha claws you!
You die...

........ #.....
#....# #....#
#....# ...
#######...)###....
..........))......
..####.o..o......
#h@.........
.>...............
...#+####........
. ..##....# ...
#.... ...# ....
... .. ..


You could see Natasha and 2 orcs.

Vanquished Creatures
  An orc priest (D:4)
  An adder (D:2)
  A dart slug (D:1)
  9 orcs
  A bat (D:2)
  2 giant cockroaches
  4 goblins
  A hobgoblin (D:3)
  A frilled lizard (D:1)
  3 kobolds
24 creatures vanquished.

Notes
Turn   | Place    | Note
-------+----------+-------------------------------------------
     0 | D:1      | poofeast420 the Vine Stalker Monk began the quest for the Orb.
     0 | D:1      | Reached XP level 1. HP: 11/11 MP: 2/2
    30 | D:1      | Reached skill level 3 in Short Blades
    35 | D:1      | Reached XP level 2. HP: 13/16 MP: 3/3
   379 | D:3      | Reached XP level 3. HP: 15/19 MP: 4/4
   407 | D:3      | Found a basalt altar of Yredelemnul.
   470 | D:3      | Reached skill level 4 in Short Blades
   502 | D:4      | Gained mutation: Your natural rate of healing is unusually fast. [Vine Stalker growth]
   502 | D:4      | Reached XP level 4. HP: 11/23 MP: 5/5
   505 | D:4      | Noticed Natasha
   512 | D:4      | Slain by Natasha

Vault maps used:
D:1:      dpeg_arrival_prison
D:2:      first_ration, st_stairs_3
D:3:      nicolae_overflow_hidden_temple, old_standard_altar, uniq_terence,
          uniq_jessica
D:4:      enter_ossuary_5, uniq_natasha, uniq_crazy_yiuf_cottage

Skill      XL: |  1  2  3 |
---------------+----------+-----
Short Blades   | 3 4 |  4.5
Fighting       | |  2.6
Dodging        | |  2.4
Stealth        | |  2.4

Action                   |  1- 3 |  4- 6 || total
-------------------------+-------+-------++-------
Melee: Short sword       |    68 |     7 ||    75
       Bite              |    20 |     3 ||    23
  Use: Potion            |     1 |       ||     1
Armor: Robe              |    15 |     1 ||    16
Dodge: Dodged            |    45 |     5 ||    50

Table legend:
 A = Spawn XP
 B = Non-spawn XP
 C = Spawn XP percentage of total XP
 D = Spawn monster count
 E = Non-spawn monster count
 F = Spawn count percentage of total count
 G = Total turns spent on level
                    A         B        C        D         E        F      G
               +---------+---------+-------+---------+---------+-------+---------
         Total |       0 |     106 |   0.0 |       0 |      24 |   0.0 |   512
               +---------+---------+-------+---------+---------+-------+---------
           D:1 |       0 |      15 |   0.0 |       0 |       8 |   0.0 |   104
           D:2 |       0 |      17 |   0.0 |       0 |       3 |   0.0 |    42
           D:3 |       0 |      21 |   0.0 |       0 |       8 |   0.0 |   341
           D:4 |       0 |      53 |   0.0 |       0 |       5 |   0.0 |    25
               +---------+---------+-------+---------+---------+-------+---------
